 Dungeon Crawl Stone Soup version 0.26.1-2-gb8aa6d0cf2 (webtiles) character file.

Game seed: 14604851338700880437

128 Somethingsin the Chopper (level 5, 0/70 HPs)
             Began as a Hill Orc Monk on Feb 9, 2021.
             Slain by an orc
             ... wielding a +0 dagger
              (4 damage)
             ... on level 3 of the Dungeon.
             The game lasted 00:09:07 (2882 turns).

Somethingsin the Chopper (Hill Orc Monk)            Turns: 2882, Time: 00:09:08

Health: 0/70       AC:  3    Str: 15    XL:     5   Next: 11%
Magic:  5/5        EV: 13    Int: 10    God:
Gold:   101        SH:  0    Dex: 13    Spells: 4/4 levels left

rFire    . . .     SeeInvis .   m - +3 whip
rCold    . . .     Faith    .   (no shield)
rNeg     . . .     Spirit   .   b - +0 robe
rPois    .         Reflect  .   (no helmet)
rElec    .         Harm     .   (no cloak)
rCorr    .         Rampage  .   (no gloves)
Will     .....                  i - +0 pair of boots
Stlth    ..........             (no amulet)
HPRegen  0.21/turn              (no ring)
MPRegen  0.09/turn              (no ring)

@: mighty, berserking, very quick
A: no striking features
a: no special abilities


You were on level 3 of the Dungeon.
You visited 1 branch of the dungeon, and saw 3 of its levels.

You collected 101 gold pieces.

Inventory:

Hand Weapons
 a - a +0 hand axe
 d - a +0 hand axe
 m - a +3 whip (weapon)
 u - a +0 war axe
Missiles
 e - 90 stones
 v - 5 atropa-tipped darts (quivered)
 w - 18 poisoned darts
Armour
 b - a +0 robe (worn)
 i - a +0 pair of boots (worn)
Scrolls
 c - 2 scrolls of teleportation {unknown}
 h - a scroll of remove curse {unknown}
 j - 3 scrolls of identify {unknown}
 k - a scroll of blinking {unknown}
 l - a scroll of enchant armour {unknown}
 n - a scroll of magic mapping {unknown}
 p - a scroll of fear {unknown}
 s - 2 scrolls of amnesia {unknown}
 t - a scroll of enchant weapon {unknown}
Potions
 g - a potion of cancellation {unknown}
 o - a potion of might
 r - a potion of haste {unknown}
 x - a potion of attraction {unknown}


   Skills:
 + Level 4.6 Fighting
 * Level 6.1 Axes
 + Level 0.2 Throwing
 * Level 1.9 Armour
 - Level 2.4 Dodging
 - Level 1.5 Stealth


You had 4 spell levels left.
You didn't know any spells.
Your spell library was empty.

Dungeon Overview and Level Annotations

Branches:
Dungeon (3/15)

Altars:
Gozag
Makhleb
Ru
Uskayaw


Message History

The orc wizard gestures wildly while chanting.
The orc wizard blinks!
It was a potion of berserk rage.
A red film seems to cover your vision as you go berserk!
You feel yourself moving faster!
You feel mighty!
You whack the orc wizard!
The orc wizard is heavily wounded.
The orc wizard completely misses you.
You whack the orc wizard!
You kill the orc wizard!
Your Axes skill increases to level 6!
You have reached level 5!
You feel stronger.
You completely miss the orc. The orc hits you with a +0 dagger.
* * * LOW HITPOINT WARNING * * *
The orc wizard mumbles some strange words.
The orc wizard blinks!
You closely miss the orc. You closely miss the orc.
The orc hits you with a +0 dagger.
You die...

#.# #.....# #######.#####.....#
..................#
####....####......# #....#
#......# #....# #......#
#######.## ##.....# ###
#_..._##.# #..#### ... #≈#@#≈##.#
##.## g. ##### ####o###..#
#..####
#####.#...###...o§....#####......
....!.'...(.o..............>.....
##....#...#######.o..............
#o.. #...# #................ #..
#...# ##................ ## #...#
#................. #####
#.................


You could see an orc wizard (fast) and 2 orcs.

Vanquished Creatures
  An orc wizard (D:3)
  3 adders
  A worm (D:2)
  A dart slug (D:3)
  4 leopard geckos (D:1)
  3 orcs (D:3)
  5 bats
  3 giant cockroaches
  7 goblins
  3 hobgoblins
  3 jackals
  11 kobolds
  A quokka (D:3)
  A frilled lizard (D:3)
  4 rats
51 creatures vanquished.

Vanquished Creatures (others)
  An orc wizard (D:3)
1 creature vanquished.

Grand Total: 52 creatures vanquished

Notes
Turn   | Place    | Note
-------+----------+-------------------------------------------
     0 | D:1      | Somethingsin the Hill Orc Monk began the quest for the Orb.
     0 | D:1      | Reached XP level 1. HP: 19/19 MP: 1/1
   531 | D:1      | Reached XP level 2. HP: 18/27 MP: 2/2
  1736 | D:2      | Reached skill level 1 in Armour
  1793 | D:2      | Reached XP level 3. HP: 33/33 MP: 3/3
  1875 | D:2      | Reached skill level 5 in Axes
  2092 | D:2      | Reached XP level 4. HP: 40/40 MP: 4/4
  2337 | D:2      | Found a hide-covered altar of Uskayaw.
  2337 | D:2      | Found a burning altar of Makhleb.
  2828 | D:3      | Found an opulent altar of Gozag.
  2828 | D:3      | Found a sacrificial altar of Ru.
  2876 | D:3      | HP: 2/41 [orc/+0 hand axe (5)]
  2880 | D:3      | Reached skill level 6 in Axes
  2880 | D:3      | Reached XP level 5. HP: 5/47 MP: 5/5
  2882 | D:3      | Slain by an orc

Illustrated notes

Levels and vault maps discovered:
D:1:      minmay_arrival_glassed_features, layout_basic,
          serial_co_window_serial, co_window_paths_a, co_window_cross_1,
          co_window_paths_b, co_window_paths_a, co_window_corner_a,
          co_window_paths_b, co_window_corner_b, co_window_of_opportunity_b,
          co_window_broadway_c, co_window_unsneaky_path_d, co_window_corner_b,
          co_window_2corner, co_window_cross_2, co_window_paths_e,
          glass_columns_a, glass_columns_a, glass_columns_a, glass_columns_b
D:2:      layout_loops_ring, amethyst_overflow_temple_binary,
          minmay_misc_feat_more_columns
D:3:      layout_basic, gammafunk_temple_overflow_elements, minmay_box_of_dots

Skill      XL: |  1  2  3  4 |
---------------+-------------+-----
Armour         | 1 |  1.9
Fighting       | 4 |  4.6
Axes           | 5 6 |  6.1
Throwing       | |  0.2
Dodging        | |  2.4
Stealth        | |  1.5

Action                   |  1- 3 |  4- 6 || total
-------------------------+-------+-------++-------
Melee: Hand axe          |    14 |       ||    14
       Whip              |    92 |    70 ||   162
Throw: Stone             |     1 |    17 ||    18
       Dart              |       |     1 ||     1
  Use: Potion            |       |     4 ||     4
 Stab: Sleeping          |     3 |     1 ||     4
       Distracted        |     1 |       ||     1
Armor: Robe              |    25 |    10 ||    35
Dodge: Dodged            |    69 |    35 ||   104
